 Dungeon Crawl Stone Soup version 0.22.1-5-g62c59d9 (webtiles) character file.

189 Tr0llz0r the Chopper (level 5, -3/39 HPs)
             Began as a Demonspawn Gladiator on Jan 11, 2019.
             Slain by an ogre
             ... wielding a +0 giant club
              (6 damage)
             ... on level 3 of the Dungeon.
             The game lasted 00:07:15 (2582 turns).

Tr0llz0r the Chopper (Demonspawn Gladiator)         Turns: 2582, Time: 00:07:16

Health: -3/39      AC: 13    Str: 15    XL:     5   Next: 40%
Magic:  0/5        EV:  4    Int:  9    God:
Gold:   92         SH: 12    Dex: 15    Spells: 4/4 levels left

rFire    . . .     SeeInvis .   a - +0 war axe
rCold    . . .     Gourm    .   m - +0 shield
rNeg     + . .     Faith    .   l - +0 plate armour
rPois    .         Spirit   +   c - +0 helmet
rElec    .         Reflect  .   e - +1 cloak
rCorr    .         Harm     .   (no gloves)
MR       .....                  (no boots)
Stlth    ..........             (no amulet)
HPRegen  0.13/turn              b - +2 ring of evasion
MPRegen  0.09/turn              q - ring of positive energy

@: no status effects
A: large bone plates 1, magic shield
a: no special abilities


You were on level 3 of the Dungeon.
You were not hungry.

You visited 1 branch of the dungeon, and saw 3 of its levels.

You collected 92 gold pieces.

Inventory:

Hand Weapons
 a - a +0 war axe (weapon)
Missiles
 d - 3 throwing nets (quivered)
 g - 41 arrows
 j - 87 stones
Armour
 c - a +0 helmet (worn)
 e - a +1 cloak (worn)
 l - a +0 plate armour (worn)
 m - a +0 shield (worn)
Jewellery
 b - a +2 ring of evasion (left hand)
 k - a +2 ring of evasion
 o - an uncursed ring of resist corrosion
 q - a ring of positive energy (right hand)
Scrolls
 h - a scroll of remove curse
 i - a scroll of identify
Comestibles
 f - 8 rations


   Skills:
 + Level 2.4 Fighting
 + Level 4.0 Axes
 + Level 1.8 Throwing
 + Level 1.3 Armour
 + Level 3.5 Dodging
 + Level 1.9 Shields


You had 4 spell levels left.
You didn't know any spells.
Your spell library was empty.

Dungeon Overview and Level Annotations

Branches:
Dungeon (3/15)

Altars:

Annotations:
D:3 Baril's ghost, amateur GrEE


Innate Abilities, Weirdness & Mutations

You are partially covered in large bone plates. (SH +4)
When hurt, damage is shared between your health and your magic reserves.


Message History

The ogre is lightly wounded.
Your plate armour prevents you from hitting the jackal.
The jackal bites you but does no damage.
You block the ogre's attack. You block the jackal's attack.
You hit the ogre.
The ogre is lightly wounded.
You hit the jackal.
You kill the jackal!
The ogre hits you with a giant club. The ogre hits you with a giant club!
You slash the ogre!
The ogre is heavily wounded.
The ogre hits you with a giant club!!
* * * LOW HITPOINT WARNING * * *
You slash the ogre!
The ogre is almost dead.
You block the ogre's attack.
Your shield and plate armour prevent you from hitting the ogre.
The ogre is almost dead.
The ogre hits you with a giant club.
You die...

###### #@†..#
#O##.#
...##.#####
.....##.....#
♣.♣...######.#
.. ..♣.# #.# ♣
♣♣.#.# #.#
♣♣..# #.# #.#


You could see an ogre.

Vanquished Creatures
  An ogre (D:3)
  An iguana (D:2)
  3 adders (D:2)
  An ooze (D:2)
  2 leopard geckos (D:1)
  An orc (D:3)
  2 ball pythons (D:2)
  2 giant cockroaches
  7 hobgoblins
  4 jackals (D:3)
  5 kobolds
  2 bats
  3 frilled lizards
  8 goblins
  5 rats
  4 bushes (D:1)
  A plant (D:1)
52 creatures vanquished.

Notes
Turn   | Place    | Note
-------+----------+-------------------------------------------
     0 | D:1      | Tr0llz0r the Demonspawn Gladiator began the quest for the
                  | Orb.
     0 | D:1      | Reached XP level 1. HP: 16/16 MP: 1/1
   806 | D:1      | Gained mutation: You are partially covered in large bone
                  | plates. (SH +4) [demonic ancestry]
   806 | D:1      | Reached XP level 2. HP: 22/22 MP: 2/2
  1154 | D:1      | Reached skill level 3 in Axes
  1447 | D:2      | Reached XP level 3. HP: 27/27 MP: 3/3
  1521 | D:2      | Gained mutation: When hurt, damage is shared between your
                  | health and your magic reserves. [demonic ancestry]
  1521 | D:2      | Reached XP level 4. HP: 8/33 MP: 4/4
  1987 | D:2      | Reached skill level 1 in Shields
  2269 | D:3      | Found a runed door.
  2281 | D:3      | Noticed Baril's ghost (amateur GrEE)
  2558 | D:3      | Noticed an ogre
  2564 | D:3      | Noticed an ogre
  2567 | D:3      | Killed an ogre
  2567 | D:3      | Reached skill level 1 in Armour
  2567 | D:3      | Reached XP level 5. HP: 31/39 MP: 3/5
  2569 | D:3      | Reached skill level 4 in Axes
  2582 | D:3      | Slain by an ogre

Skill      XL: |  1  2  3  4  5 |
---------------+----------------+-----
Dodging        | 3 |  3.5
Axes           | 3 4 |  4.0
Shields        | 1 |  1.9
Armour         | 1 |  1.3
Fighting       | |  2.4
Throwing       | |  1.8

Action                   |  1- 3 |  4- 6 || total
-------------------------+-------+-------++-------
Melee: War axe           |   263 |   106 ||   369
  Use: Scroll            |     4 |     5 ||     9
       Potion            |     2 |     1 ||     3
  Eat: Ration            |     1 |     1 ||     2
Armor: Ring mail         |     6 |       ||     6
       Plate armour      |    30 |    79 ||   109
Dodge: Dodged            |    25 |    19 ||    44
Block: Buckler           |    24 |       ||    24
       Other             |     5 |       ||     5
       Shield            |     5 |   100 ||   105
